 Dungeon Crawl Stone Soup version 0.31-a0-1178-gc5c9b8f871 (webtiles) character file.

Game seed: 4013128276275464102

49 backslashecho the Chiller (level 3, 0/21 HPs)
             Began as an Octopode Ice Elementalist on Dec 11, 2023.
             Slain by an endoplasm (2 damage)
             ... on level 2 of the Dungeon.
             The game lasted 00:02:57 (1225 turns).

backslashecho the Chiller (OpIE)                    Turns: 1225, Time: 00:02:58

Health: 0/21       AC:  1    Str:  7    XL:     3   Next: 75%
Magic:  1/6        EV: 13    Int: 19    God:
Gold:   51         SH:  5    Dex: 12    Spells: 6/7 levels left

rFire   + . .        e - +0 dagger
rCold   . . .        (no shield)
rNeg    . . .        (helmet restricted)
rPois   .            c - amulet of reflection
rElec   .            f - ring of protection from fire
rCorr   .            (no ring)
SInv    .            (no ring)
Will    .....        (no ring)
Stlth   +++          (no ring)
HPRegen 0.23/turn    (no ring)
MPRegen 0.10/turn    (no ring)
                     (no ring)

%: reflection
@: no status effects
A: almost no armour, amphibious, 8 rings, camouflage 1, gelatinous body 1,
(nimble swimmer 1), tentacles
a: no special abilities


You were on level 2 of the Dungeon.
You visited 1 branch of the dungeon, and saw 2 of its levels.

You collected 51 gold pieces.

Inventory:

Hand Weapons
 e - a +0 dagger (weapon)
Jewellery
 c - an amulet of reflection (around mantle)
 f - a ring of protection from fire (left tentacle)
Scrolls
 b - a scroll of butterflies {unknown}
 d - a scroll of identify {unknown}
 h - a scroll of enchant armour {unknown}
 j - a scroll of teleportation {unknown}
 k - a scroll of noise {unknown}
Potions
 a - a potion of magic
 g - a potion of heal wounds {unknown}
 i - 3 potions of mutation {unknown}


   Skills:
 - Level 2.0 Dodging
 - Level 3.0 Stealth
 + Level 2.6 Spellcasting
 * Level 4.8 Ice Magic


You had 6 spell levels left.
You knew the following spells:

 Your Spells              Type           Power      Damage    Failure   Level
a - Freeze                Ice            84%        1d9       2%          1

Your spell library contained the following spells:

 Spells                   Type           Power      Damage    Failure   Level
 Frozen Ramparts          Ice            42%        1d7       6%          3
 Ozocubu's Armour         Ice            21%        N/A       6%          3
 Lesser Beckoning         Tloc           4%         N/A       24%         2
 Gell's Gravitas          Tloc           2%         N/A       43%         3
 Teleport Other           Tloc           2%         N/A       43%         3
 Summon Ice Beast         Ice/Summ       11%        N/A       50%         4


Dungeon Overview and Level Annotations

Branches:
Dungeon (2/15)

Altars:


Innate Abilities, Weirdness & Mutations

You cannot wear most types of armour.
You are amphibious.
You can wear up to eight rings at the same time.
Your skin changes colour to match your surroundings (Stealth+).
Your rubbery body absorbs attacks. (AC +1, EV +1)
((You are camouflaged when in or above water. (Stealth+)))
You have tentacles for arms and can constrict up to eight enemies at once.


Message History

You freeze the worm.
The worm is severely wounded.
You constrict the worm. The worm closely misses you.
You now have 4/6 mp.
Casting: Freeze (safe; 2% risk of failure)
Confirm with . or Enter, or press ? or * to list all spells.
Aiming: Freeze (safe; 2% risk of failure)
Press: ? - help, Shift-Dir - straight line, f/p - worm
Aim: a worm (severely wounded, constricted by you)
You freeze the worm.
The worm is severely wounded.
You constrict the worm.
The endoplasm quivers.
You now have 3/6 mp.
Casting: Freeze (safe; 2% risk of failure)
Confirm with . or Enter, or press ? or * to list all spells.
Aiming: Freeze (safe; 2% risk of failure)
Press: ? - help, Shift-Dir - straight line, f/p - worm
Aim: a worm (almost dead, constricted by you)
You freeze the worm!
You kill the worm!
The dart slug launches a dart at you. The slug dart hits you.
* * * LOW HITPOINT WARNING * * *
You take 4 damage, and have 4/21 hp.
You now have 2/6 mp.
Casting: Freeze (safe; 2% risk of failure)
Confirm with . or Enter, or press ? or * to list all spells.
You don't know that spell.
Found a book of Hexes.
You hit the dart slug. You grab the dart slug.
The dart slug is moderately wounded.
You constrict the dart slug. The dart slug launches a dart at you.
The slug dart hits you.
* * * LOW HITPOINT WARNING * * *
You take 3 damage, and have 2/21 hp.
Casting: Freeze (safe; 2% risk of failure)
Confirm with . or Enter, or press ? or * to list all spells.
Aiming: Freeze (safe; 2% risk of failure)
Press: ? - help, Shift-Dir - straight line, f - dart slug
Aim: a dart slug (heavily wounded, constricted by you)
You freeze the dart slug.
The dart slug is severely wounded.
You constrict the dart slug, but do no damage.
The endoplasm misses you. The dart slug barely misses you.
You now have 1/6 mp.
You hit the dart slug but do no damage.
The dart slug is severely wounded.
You constrict the dart slug. The endoplasm hits you.
You die...

#. #.#..............#
#.##.#.......###.##.#
#......#...#####.# #
#.................
#.####.#.#######.##
#.#.# ### #.#.# #
#.#.#...: #@J...#
#w...#... ##....#
##.#.# ....# # ###
.#.#.# #.#.. ......
#.#.# #.#. #.#.##
#...


You could see a dart slug and an endoplasm.

Vanquished Creatures
  An adder (D:2)
  A worm (D:2)
  A dart slug (D:2)
  6 bats
  3 endoplasms (D:1)
  2 giant cockroaches (D:1)
  2 hobgoblins
  5 jackals (D:1)
  A quokka (D:2)
  A ball python (D:1)
  2 frilled lizards
  2 kobolds
  5 rats
32 creatures vanquished.

Notes
Turn   | Place    | Note
-------+----------+-------------------------------------------
     0 | D:1      | backslashecho the Octopode Ice Elementalist began the quest
                  | for the Orb.
     0 | D:1      | Reached XP level 1. HP: 11/11 MP: 3/3
   214 | D:1      | Reached XP level 2. HP: 17/17 MP: 5/5
   645 | D:1      | Reached XP level 3. HP: 21/21 MP: 6/6
  1141 | D:2      | Found a faded altar of an unknown god.
  1225 | D:2      | Slain by an endoplasm

Illustrated notes

Levels and vault maps discovered:
D:1:      grunt_arrival_crossed_arrows, layout_loops_ring, serial_bayou,
          serial_bayou_pond_b, serial_bayou_pond_c, serial_bayou_pond_d,
          serial_bayou_pond_d, serial_bayou_pond_d, minmay_misc_feat_five,
          minmay_fountain_box, chequers_mini_garden
D:2:      layout_loops_ring, dreamdust_ecumenical_altar_grove

Skill      XL: |  1 |
---------------+----+-----
Stealth        | 3 |  3.0
Dodging        | |  2.0
Spellcasting   | |  2.6
Ice Magic      | |  4.8

Action                     || total
---------------------------++-------
  Melee: Unarmed           ||    29
         Constrict         ||    22
         Tentacles         ||    14
         Punch             ||     3
         Dagger            ||    40
   Cast: Freeze            ||    11
   Stab: Sleeping          ||    11
 Armour: Skin              ||    27
  Dodge: Dodged            ||    31
  Block: Other             ||    13

Table legend: (Time is in decaauts)
 A = Elapsed time spent in this place.
 B = Non-inter-level travel time spent in this place.
 C = Inter-level travel time spent in this place.
 D = Time resting spent in this place.
 E = Time spent auto-exploring this place.
 F = Levels seen in this place.
 G = Mean time per level.
                   A        B        C        D        E       F      G
               +--------+--------+--------+--------+--------+-----+--------+
         Total |   1224 |   1115 |    109 |     60 |    778 |   2 |  612.0 |
       Dungeon |   1224 |   1115 |    109 |     60 |    778 |   2 |  612.0 |
               +--------+--------+--------+--------+--------+-----+--------+

Top non-repeatable levels by time:
     D:1: 895 daAuts
     D:2: 329 daAuts
